Map: Prion Terraces

Players

Grozzen

  • Race: Zerg Zerg
  • League: Master

Miszu - Winner!

  • Race: Terran Terran
  • League: Master

VOD

Have the link to the VOD?

Description

Time

  • Played on: March 10, 2016, 6:32 p.m.
  • Length: 8:40
Show
View Real Time Build Order
Export as new Build Order

Grozzen Zerg 

Build Orders: Hatch First 

Get SALT Encoding   

  12  0:01  Drone  
  13  0:12  Overlord  
  13  0:17  Drone  
  14  0:30  Drone x2  
  14  0:34  Drone  
  17  0:52  Hatchery  
  17  0:54  Drone  
  17  1:01  Extractor  
  17  1:02  Drone  
  17  1:13  Spawning Pool  
  17  1:17  Drone  
  17  1:20  Drone  
  18  1:29  Drone  
  19  1:41  Overlord  
  19  2:01  Queen  
  19  2:03  Zergling x4  
  19  2:04  Metabolic Boost  
  19  2:06  Drone  
  24  2:13  Queen  
  26  2:19  Drone x2  
  28  2:23  Drone  
  28  2:25  Drone  
  29  2:35  Drone  
  29  2:37  Drone  
  30  2:44  Extractor  
  30  2:45  Drone  
  30  2:46  Roach Warren, Drone  
  29  2:56  Zergling x2  
  29  2:57  Zergling x2  
  31  3:05  Zergling x2  
  31  3:09  Zergling x2  
  31  3:11  Zergling x4  
  31  3:12  Zergling x2  
  33  3:20  Zergling x2  
  33  3:21  Zergling x2  
  33  3:26  Zergling x2  
  33  3:27  Zergling x2  
  35  3:29  Overlord x2  
  35  3:31  Overlord  
  35  3:43  Zergling x2  
  35  3:47  Queen  
  36  3:49  Zergling x4  
  40  3:55  Roach  
  40  4:00  Roach, Spine Crawler  
  41  4:07  Roach, Drone  
  41  4:15  Roach x3  
  41  4:16  Roach  
  49  4:21  Spine Crawler  
  48  4:28  Roach x2  
  52  4:32  Drone  
  52  4:39  Drone  
  46  4:46  Roach  
  46  4:48  Zergling x2  
  46  4:50  Zergling x6  
  52  4:54  Zergling x2  
  53  5:05  Zergling x2  
  53  5:06  Zergling x4  
  56  5:07  Roach  
  58  5:16  Ravager  
  58  5:17  Ravager  
  58  5:19  Overlord  
  58  5:21  Overlord  
  60  5:25  Overlord x2  
  60  5:37  Ravager  
  60  5:40  Zergling x4  
  60  5:41  Roach x2  
  67  5:45  Zergling x2  
  68  5:56  Zergling x4  
  68  5:57  Zergling x2  
  69  6:01  Zergling x2  
  69  6:03  Zergling x4  
  68  6:06  Zergling x2  
  68  6:07  Zergling x2  
  68  6:23  Zergling x2  
  68  6:24  Zergling x2  
  68  6:34  Zergling x4  
  63  6:43  Zergling x4  
  57  6:52  Zergling x6  
  57  6:53  Zergling x2  
  43  6:54  Zergling x4  
  43  6:56  Zergling x2  
  43  7:01  Zergling x2  
  43  7:03  Zergling x2  
  43  7:06  Queen  
  43  7:09  Roach  
  45  7:19  Lair  
  45  7:20  Roach x2  
  49  7:26  Roach  
  49  7:29  Roach  
  53  7:39  Extractor  
  53  7:41  Extractor, Drone x5  
  53  7:42  Drone x2  
  58  7:47  Drone  
  59  7:58  Roach x2  
  59  8:01  Roach  
  59  8:02  Ravager x2  
  59  8:05  Zergling x6  
  68  8:08  Zergling x4  
  68  8:10  Zergling x4  
  60  8:13  Zergling x2  
  60  8:19  Zergling x2  
  39  8:33  Hydralisk Den  
Show
View Real Time Build Order
Export as new Build Order

Miszu Terran - Winner!

Build Orders: MMM Bio 

Get SALT Encoding   

  12  0:02  SCV  
  13  0:14  SCV  
  13  0:18  Supply Depot  
  14  0:26  SCV  
  15  0:40  Barracks, SCV  
  16  0:44  Refinery  
  16  0:52  SCV  
  17  0:59  Barracks  
  18  1:04  SCV  
  18  1:16  Barracks  
  18  1:25  Refinery  
  18  1:28  Reaper  
  19  1:40  Orbital Command  
  19  1:47  Reaper  
  20  1:55  Supply Depot  
  20  2:00  Reaper  
  21  2:07  SCV  
  22  2:09  Reaper  
  23  2:19  Reaper, SCV  
  25  2:35  Reaper  
  26  2:37  SCV  
  26  2:41  Reaper  
  28  2:45  Supply Depot  
  28  2:55  Reaper  
  29  2:58  SCV  
  30  3:07  Reaper  
  31  3:14  Reaper  
  31  3:27  SCV  
  31  3:28  Reaper  
  31  3:29  Command Center  
  33  3:39  Reaper, SCV  
  35  3:54  Reaper  
  35  3:55  SCV  
  35  4:00  Reaper  
  36  4:07  SCV  
  37  4:19  SCV  
  38  4:28  Barracks Tech Lab  
  38  4:31  Factory, Command Center, SCV  
  38  4:33  Supply Depot, Barracks Tech Lab  
  38  4:38  Barracks Reactor  
  38  4:44  SCV, Orbital Command  
  38  4:51  Stimpack  
  38  4:52  Marine x2  
  40  4:56  SCV  
  41  5:08  SCV  
  41  5:09  Marine  
  41  5:10  Marine  
  41  5:12  SCV  
  41  5:13  Marine  
  46  5:19  Starport  
  46  5:21  SCV, Factory Reactor  
  47  5:24  SCV  
  47  5:27  Marine x2  
  50  5:29  Marine, Combat Shields  
  50  5:31  Marine  
  50  5:33  SCV  
  53  5:36  SCV  
  53  5:39  Refinery  
  54  5:45  Marine x2, SCV  
  54  5:47  Marine  
  54  5:48  SCV  
  54  5:49  Marine  
  61  5:50  Orbital Command  
  61  5:51  Supply Depot  
  59  5:57  SCV  
  59  6:00  SCV  
  59  6:11  Marine x4  
  62  6:19  SCV x2, Factory Tech Lab  
  64  6:29  Marine x4  
  66  6:46  Marine  
  58  6:47  Marine x2  
  58  6:52  SCV x2  
  54  6:54  Marine  
  54  6:55  Medivac x2  
  54  6:56  SCV  
  59  7:04  Marine, SCV x2  
  59  7:08  SCV  
  63  7:10  Marine x2  
  63  7:12  Supply Depot, Marine  
  63  7:15  Engineering Bay, Siege Tank  
  69  7:16  Engineering Bay, SCV x2  
  69  7:17  Orbital Command  
  69  7:20  Supply Depot  
  69  7:22  Marine  
  72  7:25  Medivac  
  72  7:27  Medivac  
  72  7:28  Marine  
  77  7:33  Marine x2, SCV x2  
  81  7:38  Barracks  
  81  7:39  Barracks  
  81  7:42  Refinery  
  81  7:45  Supply Depot, SCV x2  
  81  7:46  Marine  
  81  7:47  Marine  
  81  7:49  Supply Depot  
  81  7:51  Marine, Siege Tank  
  88  7:52  SCV  
  88  7:57  SCV x2  
  92  7:59  Marine  
  93  8:07  Marine x2, SCV  
  93  8:09  Marine  
  93  8:10  SCV x2  
  96  8:17  Marine  
  96  8:27  SCV  
  96  8:31  Barracks Reactor  
  96  8:32  Barracks Reactor  
Tags
 
Composition
MMM Bio
Matchup
TvZ
Add a new tag
Caveats
  • Supply blocks, unpowered buildings, or Contaminate may cause inaccurate times.
  • Supply counts are checked every 10 seconds.